 Dungeon Crawl Stone Soup version 0.23-a0-183-gf37f6fb (webtiles) character file.

32881 Amnesiac the Black Sun (level 13, -8/86 HPs)
             Began as a Mummy Monk on Sept 21, 2018.
             Was a High Priest of Kikubaaqudgha.
             Shot with an arrow by Nessos (25 damage)
             ... on level 12 of the Dungeon.
             The game lasted 00:48:23 (20046 turns).

Amnesiac the Black Sun (Mummy Monk)                Turns: 20046, Time: 00:48:23

Health: -8/86      AC:  9    Str: 18    XL:     13   Next: 33%
Magic:  35/48      EV: 13    Int: 13    God:    Kikubaaqudgha [*****.]
Gold:   1055       SH:  0    Dex: 19    Spells: 5/44 levels left

rFire    . . .     SeeInvis .   b - staff of power
rCold    . . .     Gourm    .   (no shield)
rNeg     + + +     Faith    .   D - +2 leather armour "Weneheal" {Regen+ Str+3 Dex+4}
rPois    ∞         Spirit   .   o - +1 helmet "Moxtug" {MR+ Stlth+}
rElec    .         Reflect  .   B - +0 cloak
rCorr    .         Harm     .   (no gloves)
MR       +++..                  e - +0 pair of boots
Stlth    +++.......             x - amulet of magic regeneration
HPRegen  0.64/turn              d - ring of fire
MPRegen  0.56/turn              r - ring of protection from magic

@: very slightly contaminated
A: no food or potions, fire vulnerability, cold resistance 1, negative energy
resistance 3, torment resistance, unbreathing, in touch with death 1
a: Receive Corpses, Torment, Renounce Religion


You were on level 12 of the Dungeon.
You worshipped Kikubaaqudgha.
Kikubaaqudgha was extremely pleased with you.
You were not hungry.

You visited 3 branches of the dungeon, and saw 15 of its levels.

You collected 1469 gold pieces.
You spent 414 gold pieces at shops.

Inventory:

Hand Weapons
 a - the +2 flail of Light {pain, Int+5}
   (You found it on level 7 of the Dungeon)

   In the hands of one skilled in necromantic magic, it inflicts extra damage on
   living creatures.
   It affects your intelligence (+5).
 n - a +2 dagger of distortion
 u - a +1 dagger of draining
 w - a +1 blowgun
 H - the +1 fustibalus "Xaiviess" {freeze, rElec Str+4}
   (You found it on level 9 of the Dungeon)

   It causes projectiles fired from it to freeze those they strike, causing
   extra injury to most foes and up to half again as much damage against
   particularly susceptible opponents.
   They can also slow down cold-blooded creatures.
   It affects your strength (+4).
   It insulates you from electricity.
Missiles
 y - 9 curare-tipped needles
Armour
 e - a +0 pair of boots (worn)
 o - the +1 helmet "Moxtug" (worn) {MR+ Stlth+}
   (You bought it in a shop on level 11 of the Dungeon)

   It affects your resistance to hostile enchantments.
   It makes you more stealthy.
 t - a +2 robe of magic resistance
 z - a +2 shield
 B - a +0 cloak (worn)
 D - the +2 leather armour "Weneheal" (worn) {Regen+ Str+3 Dex+4}
   (You found it on level 8 of the Dungeon)

   It affects your strength (+3).
   It affects your dexterity (+4).
   It increases your rate of regeneration.
Magical Staves
 b - an uncursed staff of power (weapon)
 k - an uncursed staff of energy
Jewellery
 d - a ring of fire (left hand)
 f - an uncursed ring of protection from cold
 h - an uncursed amulet of the acrobat
 i - an uncursed ring of flight
 r - a ring of protection from magic (right hand)
 x - an amulet of magic regeneration (around neck)
Wands
 l - a wand of acid (5)
 p - a wand of random effects (46)
 A - a wand of iceblast (2)
 G - a wand of scattershot (4)
Scrolls
 c - 7 scrolls of remove curse {!r}
 g - 4 scrolls of teleportation {!r}
 j - 2 scrolls of blinking {!r}
 q - 2 scrolls of enchant weapon {!r}
 s - 2 scrolls of noise {!r}
 v - 2 scrolls of amnesia {!r}
 C - 2 scrolls of magic mapping {!r}
 E - a scroll of brand weapon {!r}
 F - a scroll of enchant armour {!r}
 I - a scroll of torment {!r}
 J - a scroll of silence {!r}


   Skills:
 - Level 3.0 Fighting
 - Level 2.4 Short Blades
 - Level 2.4 Dodging
 - Level 1.5 Stealth
 + Level 16.3 Spellcasting
 * Level 16.8 Necromancy


You had 5 spell levels left.
You knew the following spells:

 Your Spells              Type           Power        Failure   Level  Hunger
a - Bolt of Draining      Conj/Necr      #####.....   6%          5    N/A
b - Call Imp              Summ           ##......     11%         2    N/A
c - Mephitic Cloud        Conj/Pois/Air  ##......     22%         3    N/A
d - Vampiric Draining     Necr           ######....   1%          3    N/A
e - Agony                 Necr           ######..     1%          5    N/A
f - Conjure Flame         Conj/Fire      ###.....     22%         3    N/A
g - Animate Dead          Necr           N/A          1%          4    N/A
h - Dispel Undead         Necr           ######..     1%          5    N/A
s - Corpse Rot            Necr           N/A          0%          2    N/A
v - Blink                 Tloc           N/A          11%         2    N/A
w - Borgnjor's Vile Clut  Necr/Erth      #####.....   6%          5    N/A

Your spell library contained the following spells:

 Spells                   Type           Power        Failure   Level  Hunger
 Animate Skeleton         Necr           N/A          0%          1    N/A
 Pain                     Necr           ####         0%          1    N/A
 Apportation              Tloc           ##....       7%          1    N/A
 Magic Dart               Conj           ##..         7%          1    N/A
 Shock                    Conj/Air       ##..         7%          1    N/A
 Summon Butterflies       Summ           ##......     7%          1    N/A
 Slow                     Hex            ##......     11%         2    N/A
 Lesser Beckoning         Tloc           ##........   22%         3    N/A
 Tukima's Dance           Hex            ##......     22%         3    N/A
 Alistair's Intoxication  Tmut/Pois      ##......     89%         5    N/A
 Invisibility             Hex            ##......     100%        6    N/A

Dungeon Overview and Level Annotations

Branches:
Dungeon (12/15)            Temple (1/1) D:4            Lair (0/6) D:8
    Orc (2/2) D:11            Elf (0/3) Orc:2

Altars:
Cheibriados
Dithmenos
Elyvilon
Gozag
Kikubaaqudgha
Nemelex Xobeh
Okawaru
Ru
Sif Muna
Uskayaw
Vehumet
Wu Jian
Yredelemnul
Zin
Beogh

Shops:
D:9 (   D:11 ([*:   Orc:1 ?   Orc:2 ?*[:*((?(

Annotations:
D:12 4 runed doors, Gastronok, Nessos


Innate Abilities, Weirdness & Mutations

You do not eat or drink.
Your flesh is vulnerable to fire.
You are immune to poison.
Your flesh is cold resistant. (rC+)
You are immune to negative energy. (rN+++)
You are immune to unholy pain and torment.
You can survive without breathing.
You are in touch with the powers of death.


Message History

You can't see any susceptible monsters within range! (Use Z to cast anyway.)
Your magical contamination has completely faded away.
Found an escape hatch in the ceiling.
Found a stone staircase leading up.
Found a potion of cancellation.
Gastronok the Ponderous comes into view.
Found a robe.
Casting: Bolt of Draining (safe; 6% risk of failure)
Confirm with . or Enter, or press ? or * to list all spells.
You can't see any susceptible monsters within range! (Use Z to cast anyway.) Nessos the Markscentaur comes into view.
Gastronok gurgles horribly!
Nessos blinks!
A wight comes into view. It is wielding a hand axe.
Gastronok waves his eye-stalks in wide circles.
The air twists around and strikes you!
Found 25 sling bullets.
Evoke which item? (* to show all) (? for menu, Esc to quit)
Okay, then.
Casting: Bolt of Draining (safe; 6% risk of failure)
Confirm with . or Enter, or press ? or * to list all spells.
Aiming: Bolt of Draining (safe; 6% risk of failure)
Press: ? - help, Shift-Dir - straight line, f - Nessos
Aim: Nessos, wearing a runed centaur barding You feel a surge of power!
You miscast Bolt of Draining.
You are very lightly contaminated with residual magic.
Kikubaaqudgha protects you from your miscast necromantic spell!
Nessos gestures wildly while chanting.
Nessos seems to speed up.
Gastronok's eyestalks quiver as he mumbles some strange words.
Unknown command.
Casting: Bolt of Draining (safe; 6% risk of failure)
Confirm with . or Enter, or press ? or * to list all spells.
Aiming: Bolt of Draining (safe; 6% risk of failure)
Press: ? - help, Shift-Dir - straight line, f/p - Nessos
Aim: Nessos, wearing a runed centaur barding (fast)
You feel a surge of power!
The bolt of negative energy misses Nessos.
Nessos wields a runed longbow.
It bursts into flame!
Nessos shoots an arrow.
The arrow hits you! The arrow burns you!
* * * LOW HITPOINT WARNING * * *
Nessos blinks!
Unknown command.
Really read
m - a scroll of fear {!r}?
As you read the scroll of fear {!r}, it crumbles to dust.
You assume a fearsome visage.
The bat looks frightened!
Nessos looks frightened!
Gastronok looks frightened!
Nessos blinks! x2
Casting: Bolt of Draining (safe; 6% risk of failure)
Confirm with . or Enter, or press ? or * to list all spells.
Aiming: Bolt of Draining (safe; 6% risk of failure)
Press: ? - help, Shift-Dir - straight line, f/p - Nessos
Aim: Nessos, wielding a longbow of flaming and wearing a runed centaur barding You feel a surge of power!
The bolt of negative energy hits Nessos.
Nessos is drained!
Nessos is moderately wounded.
Your attack snaps Nessos out of his fear.
Nessos intently looks at you, slowly moving his tail.
Nessos shoots an arrow.
The arrow hits you!!
* * * LOW HITPOINT WARNING * * *
The arrow burns you.
* * * LOW HITPOINT WARNING * * *
Nessos shoots an arrow.
The arrow hits you!!
You die...
Kikubaaqudgha rasps: "You have failed me!
Welcome... oblivion!" ..###++++ #( .# ..#Yhhh #w#####.#### ..#hYhh

#b..[....... ..#.hhY.
#........z .# #.# ..#
#........ ..#.#. ..#
#...§..####### ..#.# ..#
####.....c..§.... .<#.#.#
...
........###########...#..
...
........@...........<.#..
...
..........#######........
...
.........................
...
..................#......
.!.
..................##.....
...
............c....####....
... .................#
#..... ...
.................###.....
...
#####...........###......


You could see Gastronok (fleeing), Nessos and a bat (fleeing).

Vanquished Creatures
  An orc warlord (Orc:1)
  An ettin (Orc:1)
  Snorg (D:11)
  Josephine (D:11)
  Erolcha (D:12)
  Fannar (D:11)
  Harold (D:8)
  Erica (D:11)
  4 two-headed ogres
  A death knight (D:11)
  4 orc high priests (Orc:2)
  The ghost of heinrich the Cleaver, a novice FoFi of Qazlal (D:7)
  Urug (D:10)
  Sonja (D:10)
  Nergalle (Orc:1)
  2 skeletal warriors (D:11)
  2 unseen horrors (D:11)
  A phantasmal warrior (D:11)
  2 cyclopes (D:11)
  An orc sorcerer (Orc:2)
  4 ugly things (D:8)
  A spiny frog (shapeshifter) (D:7)
  2 trolls
  2 hippogriffs
  A slime creature (D:7)
  Sigmund (D:2)
  3 yaks (D:11)
  A spriggan (shapeshifter) (D:8)
  5 wraiths
  3 hungry ghosts (D:7)
  A neqoxec (D:8)
  Menkaure (D:7)
  A warg (Orc:1)
  6 ice beasts
  25 orc warriors
  A black bear (shapeshifter) (D:8)
  3 sky beasts
  11 ogres
  14 centaurs
  Blork the orc (D:5)
  A big kobold (D:12)
  4 bullfrogs
  A gnoll sergeant (D:9)
  A water moccasin zombie (D:10)
  2 scorpions
  A killer bee (D:7)
  5 wights (D:6)
  5 howler monkeys
  7 electric eels
  14 crimson imps
  A jelly (D:10)
  A bullfrog zombie (D:9)
  3 hounds
  40 orc priests
  Crazy Yiuf (D:5)
  Jessica (D:2)
  An iguana (D:7)
  Natasha (twice) (D:4 D:6)
  31 orc wizards
  12 worker ants
  2 killer bee zombies (D:5)
  A hound zombie (D:5)
  A hound skeleton (D:4)
  3 worker ant zombies
  Robin (D:2)
  9 gnolls
  6 adders
  3 shadow imps
  A white imp (D:10)
  An ooze (D:1)
  An adder zombie (D:5)
  2 worms
  3 dart slugs
  3 leopard geckos
  87 orcs
  4 giant cockroaches
  21 goblins
  12 hobgoblins
  6 jackals
  10 quokkas
  3 ball pythons
  4 bats
  5 frilled lizards
  A jackal skeleton (D:4)
  11 kobolds
  6 rats
457 creatures vanquished.

Vanquished Creatures (others)
  An orc wizard (D:6)
  2 plants (Orc:2)
3 creatures vanquished.

Grand Total: 460 creatures vanquished

Notes
Turn   | Place    | Note
-------+----------+-------------------------------------------
     0 | D:1      | Amnesiac the Mummy Monk began the quest for the Orb.
     0 | D:1      | Reached XP level 1. HP: 18/18 MP: 1/1
    61 | D:1      | Reached skill level 1 in Spellcasting
   146 | D:1      | Reached XP level 2. HP: 19/24 MP: 5/5
   574 | D:2      | Reached XP level 3. HP: 28/29 MP: 7/7
   641 | D:2      | Noticed Robin
  1381 | D:2      | Killed Robin
  1381 | D:2      | Reached XP level 4. HP: 8/35 MP: 10/10
  1991 | D:2      | Reached skill level 5 in Spellcasting
  2034 | D:2      | Found a radiant altar of Vehumet.
  2035 | D:2      | Found a hide-covered altar of Uskayaw.
  2037 | D:2      | Found an ornate altar of the Wu Jian Council.
  2096 | D:2      | Noticed Jessica
  2116 | D:2      | Killed Jessica
  2250 | D:2      | Noticed Sigmund
  2685 | D:4      | Reached XP level 5. HP: 41/41 MP: 13/13
  2879 | D:5      | Entered Level 5 of the Dungeon
  2989 | D:3      | Found an iron altar of Okawaru.
  4332 | D:4      | Reached XP level 6. HP: 43/47 MP: 16/16
  4629 | D:4      | Noticed Natasha
  4643 | D:4      | Killed Natasha
  4730 | D:4      | Found a staircase to the Ecumenical Temple.
  4937 | Temple   | Entered the Ecumenical Temple
  4996 | Temple   | Became a worshipper of Kikubaaqudgha
  4996 | Temple   | Reached * piety under Kikubaaqudgha
  4996 | Temple   | Identified Kikubaaqudgha's Volume of Unholy Rites
                  | (Kikubaaqudgha gifted it to you in the Ecumenical Temple)
  4996 | Temple   | Received a gift from Kikubaaqudgha
  4996 | Temple   | Reached ** piety under Kikubaaqudgha
  5001 | Temple   | Learned a level 2 spell: Corpse Rot
  5005 | Temple   | Learned a level 3 spell: Vampiric Draining
  5203 | D:5      | Reached skill level 1 in Necromancy
  5572 | D:7      | Learned a level 2 spell: Blink
  5576 | D:7      | Learned a level 3 spell: Mephitic Cloud
  5580 | D:7      | Learned a level 3 spell: Conjure Flame
  5583 | D:7      | Learned a level 2 spell: Call Imp
  5608 | D:7      | Reached XP level 7. HP: 34/52 MP: 13/18
  5695 | D:7      | Noticed a hungry ghost
  5746 | D:7      | Killed a hungry ghost
  6025 | D:7      | Noticed a hungry ghost
  6065 | D:7      | Killed a hungry ghost
  6065 | D:7      | Reached skill level 5 in Necromancy
  6225 | D:7      | Noticed a hungry ghost
  6247 | D:7      | Killed a hungry ghost
  6247 | D:7      | Reached XP level 8. HP: 52/58 MP: 20/20
  6293 | D:5      | Noticed Menkaure
  6449 | D:6      | Noticed Natasha
  6456 | D:6      | Killed Natasha
  7198 | D:5      | Noticed Blork the orc
  7208 | D:5      | Killed Blork the orc
  7245 | D:5      | Reached *** piety under Kikubaaqudgha
  7245 | D:5      | Identified Kikubaaqudgha's Tome of Necromancy
                  | (Kikubaaqudgha gifted it to you on level 5 of the Dungeon)
  7245 | D:5      | Received a gift from Kikubaaqudgha
  7253 | D:5      | Learned a level 5 spell: Dispel Undead
  7268 | D:5      | Reached XP level 9. HP: 43/63 MP: 11/21
  7507 | D:5      | Reached skill level 10 in Necromancy
  7549 | D:5      | Found a runed door.
  7991 | D:5      | Noticed Crazy Yiuf
  7998 | D:5      | Killed Crazy Yiuf
  8847 | D:2      | Killed Sigmund
  9173 | D:2      | Found a radiant altar of Vehumet.
  9175 | D:2      | Found a hide-covered altar of Uskayaw.
  9177 | D:2      | Found an ornate altar of the Wu Jian Council.
 10814 | D:7      | Found a radiant altar of Vehumet.
 11063 | D:7      | Got a dazzling flail
 11064 | D:7      | Identified the +2 flail of Light {pain, Int+5} (You found
                  | it on level 7 of the Dungeon)
 11321 | D:7      | Learned a level 5 spell: Agony
 11330 | D:8      | Got a smelly leather armour
 11341 | D:8      | Identified the +2 leather armour "Weneheal" {Regen+ Str+3
                  | Dex+4} (You found it on level 8 of the Dungeon)
 11354 | D:8      | Found a shadowy altar of Dithmenos.
 11425 | D:8      | Found a staircase to the Lair.
 11435 | D:8      | Found an opulent altar of Gozag.
 11458 | D:8      | Noticed Harold
 11480 | D:8      | Killed Harold
 11480 | D:8      | Reached XP level 10. HP: 68/70 MP: 8/23
 11573 | D:8      | Found a deep blue altar of Sif Muna.
 11705 | D:8      | Found a runed gate.
 11705 | D:8      | Found a runed gate.
 11706 | D:8      | Noticed a green ugly thing
 11706 | D:8      | Noticed a red ugly thing
 11707 | D:8      | Found a runed gate.
 11708 | D:8      | Noticed a brown ugly thing
 12251 | D:8      | Noticed a cyan ugly thing
 12287 | D:8      | Killed a cyan ugly thing
 12287 | D:8      | Reached skill level 10 in Spellcasting
 12287 | D:8      | HP: 2/70 [green ugly thing (4)]
 12430 | D:8      | Learned a level 4 spell: Animate Dead
 12447 | D:8      | Killed a green ugly thing
 12465 | D:8      | Killed a cyan ugly thing
 12468 | D:8      | Killed a cyan ugly thing
 12595 | D:8      | Found a runed gate.
 12595 | D:8      | Found a runed gate.
 12599 | D:8      | Found a runed gate.
 12601 | D:8      | Noticed heinrich's ghost (novice FoFi)
 12615 | D:8      | Noticed a spiny frog
 12648 | D:8      | Noticed a harpy
 12648 | D:8      | a komodo dragon changed into a harpy
 12652 | D:7      | Killed heinrich's ghost
 12655 | D:7      | Killed a spiny frog
 12794 | D:8      | a harpy changed into a wind drake
 13218 | D:9      | Reached XP level 11. HP: 61/75 MP: 5/26
 13325 | D:9      | Found a sparkling altar of Nemelex Xobeh.
 13343 | D:9      | Got a warped fustibalus
 13415 | D:9      | Identified the +1 fustibalus "Xaiviess" {freeze, rElec
                  | Str+4} (You found it on level 9 of the Dungeon)
 13426 | D:9      | Found Qashruthro's Weapon Shop.
 13578 | D:9      | Reached **** piety under Kikubaaqudgha
 13796 | D:9      | Found a glowing silver altar of Zin.
 13861 | D:10     | Entered Level 10 of the Dungeon
 13861 | D:10     | Noticed a two-headed ogre
 13870 | D:9      | Killed a two-headed ogre
 14015 | D:7      | Killed Menkaure
 14469 | D:10     | Noticed Urug
 14482 | D:10     | Killed Urug
 14662 | D:10     | Noticed Sonja
 14668 | D:10     | Killed Sonja
 14812 | D:10     | Learned a level 5 spell: Borgnjor's Vile Clutch
 15068 | D:11     | Found Vepebb's Book Shop.
 15077 | D:11     | Found a staircase to the Orcish Mines.
 15180 | D:11     | Noticed a two-headed ogre
 15195 | D:10     | Killed a two-headed ogre
 15272 | D:11     | HP: 1/75 [cyclops/large rock (19)]
 15457 | D:11     | Found a roughly hewn altar of Beogh.
 15572 | D:11     | Noticed Fannar
 15604 | D:11     | Killed Fannar
 15604 | D:11     | Reached skill level 15 in Necromancy
 15663 | D:11     | Noticed Josephine
 15679 | D:11     | Killed Josephine
 15682 | D:11     | Reached XP level 12. HP: 79/81 MP: 5/29
 15802 | D:11     | Found Bydwics's Assorted Antiques.
 15885 | D:11     | Noticed a death knight
 16154 | D:11     | Noticed a two-headed ogre
 16170 | D:11     | Killed a two-headed ogre
 16208 | D:11     | Learned a level 5 spell: Bolt of Draining
 16248 | D:11     | Noticed Snorg
 16258 | D:11     | Killed Snorg
 16307 | D:11     | Found Yraeq's Armour Shoppe.
 16330 | D:11     | Bought the +1 helmet "Moxtug" {MR+ Stlth+} for 298 gold
                  | pieces
 16345 | D:11     | Found Rygac's Weapon Emporium.
 16354 | D:11     | Noticed Erica
 16360 | D:11     | Killed Erica
 16360 | D:11     | Reached ***** piety under Kikubaaqudgha
 16486 | D:11     | Killed a death knight
 16486 | D:11     | Reached skill level 15 in Spellcasting
 16992 | Orc:1    | Entered Level 1 of the Orcish Mines
 17009 | Orc:1    | Noticed a two-headed ogre
 17014 | Orc:1    | Killed a two-headed ogre
 17054 | Orc:1    | Noticed an orc warlord
 17296 | Orc:1    | Killed an orc warlord
 17365 | Orc:1    | Noticed Nergalle
 17370 | Orc:1    | Killed Nergalle
 17490 | Orc:1    | Found Lotziunk's Magic Scroll Shop.
 17508 | Orc:1    | Noticed an ettin
 17513 | Orc:1    | Killed an ettin
 17815 | Orc:1    | Identified a scroll of acquirement {!r}
 17874 | Orc:2    | Entered Level 2 of the Orcish Mines
 17880 | Orc:2    | Found Puema's Antique Weapon Shoppe.
 17909 | Orc:1    | Gained mutation: You are in touch with the powers of death.
                  | [Mummy growth]
 17909 | Orc:1    | Reached XP level 13. HP: 67/86 MP: 0/32
 18205 | Orc:2    | Found Tuopink's Magic Scroll Shoppe.
 18230 | Orc:2    | Bought a scroll of enchant armour for 90 gold pieces
 18307 | Orc:2    | Found Cimnig's Magic Scroll Boutique.
 18331 | Orc:2    | Found a staircase to the Elven Halls.
 19060 | Orc:2    | Found Waegoblo's Antique Weapon Shoppe.
 19063 | Orc:2    | Found Legil's Antique Weapon Boutique.
 19159 | Orc:2    | Found Ziusi's Assorted Antiques.
 19159 | Orc:2    | Found Siorofof's Book Boutique.
 19160 | Orc:2    | Found Ixozenk's Assorted Antiques.
 19176 | Orc:2    | Found Boimiar's Antique Armour Shop.
 19310 | Orc:2    | Bought a scroll labeled NIASOF UXERR for 26 gold pieces
 19543 | D:12     | Found a huge runed gate.
 19544 | D:12     | Found a huge runed gate.
 19544 | D:12     | Found a huge runed gate.
 19544 | D:12     | Found a huge runed gate.
 19544 | D:12     | Noticed Erolcha
 19549 | D:12     | Killed Erolcha
 19897 | D:12     | Found a deep blue altar of Sif Muna.
 19908 | D:12     | Identified Sif Muna's Guide on Feathers
 20039 | D:12     | Noticed Gastronok
 20041 | D:12     | Noticed Nessos
 20046 | D:12     | Shot with an arrow by Nessos

Vault maps used:
D:1:      onia_arrival_pyramid
D:2:      kennysheep_six_static_rooms, nicolae_overflow_hidden_temple,
          uniq_robin, uniq_sigmund, uniq_jessica
D:3:      okawaru_ov_weapons_minmay, first_ration
D:4:      temple_hall, uniq_natasha
D:5:      uniq_blork_the_orc, uniq_menkaure, uniq_crazy_yiuf_cottage
D:7:      cheibrodos_two_vegetables, basic_altar
D:8:      nicolae_gozag_cash_rules_everything_around_me,
          nicolae_dithmenos_the_darkroom, lair_entry_dummy,
          ploomutoo_gammafunk_ghost_potion_laboratory, basic_altar,
          grunt_ogre_cave, uniq_harold
D:9:      kennysheep_mini, serial_shops, nicolae_shop_statue_plus, st_stairs_11,
          nemelex_diamond_rough_becter
D:10:     minmay_nine_imps, uniq_sonja, uniq_urug
D:11:     minmay_orc_entry_temple_small, serial_shops, shop_statue,
          nicolae_shop_window_shopping, shop, shop_fountains,
          kennysheep_cross_room, uniq_erica, uniq_snorg, uniq_josephine,
          uniq_fannar
D:12:     lemuel_bear_cage, serial_co_window_serial, co_window_paths_a,
          co_window_cross_1, co_window_paths_a, co_window_corner_a,
          co_window_paths_b, co_window_of_opportunity_b,
          co_window_unsneaky_path_d, co_window_of_opportunity_b,
          co_window_of_opportunity_c, co_window_corner_b, co_window_paths_c,
          co_window_2corner, co_window_paths_d, co_window_4corner_b,
          glass_columns_a, glass_columns_a, glass_columns_a, glass_columns_b,
          glass_columns_a, led_sif_book, uniq_erolcha, uniq_nessos,
          uniq_gastronok
Temple:   regret_index_temple_generic_petals
Orc:1:    serial_shops, shop_statue, uniq_nergalle
Orc:2:    st_orc_mages, serial_shops, nicolae_shop_overgrown_old_shop,
          nicolae_shop_waterfront, nicolae_shop_waterfront, shop,
          nicolae_shop_stone

Skill      XL: |  1  2  3  4  5  6  7  8  9 10 11 12 13 |
---------------+----------------------------------------+-----
Spellcasting   | 2 3 4 5 7 8 9 11 13 15 16 | 16.3
Necromancy     | 2 6 9 11 13 15 16 | 16.8
Fighting       | |  3.0
Short Blades   | |  2.4
Dodging        | |  2.4
Stealth        | |  1.5

Action                   |  1- 3 |  4- 6 |  7- 9 | 10-12 | 13-15 || total
-------------------------+-------+-------+-------+-------+-------++-------
Melee: Short sword       |   177 |   141 |       |       |       ||   318
       Trident           |       |    54 |       |       |       ||    54
       Spear             |       |    71 |       |       |       ||    71
       Flail             |       |    91 |     8 |   421 |       ||   520
       Great sword       |       |     4 |   325 |       |       ||   329
       Staff             |       |       |       |       |     4 ||     4
 Cast: Corpse Rot        |       |     1 |     3 |     7 |       ||    11
       Vampiric Draining |       |       |    52 |    98 |    15 ||   165
       Conjure Flame     |       |       |     1 |     1 |       ||     2
       Agony             |       |       |     2 |    14 |       ||    16
       Dispel Undead     |       |       |       |    23 |       ||    23
       Mephitic Cloud    |       |       |       |     2 |       ||     2
       Borgnjor's Vile C |       |       |       |     2 |     2 ||     4
       Bolt of Draining  |       |       |       |    85 |   118 ||   203
       Blink             |       |       |       |       |     2 ||     2
Invok: Receive Corpses   |       |       |     1 |     3 |       ||     4
Evoke: Wand              |       |       |     5 |     9 |     3 ||    17
  Use: Scroll            |     2 |     1 |     2 |    20 |     2 ||    27
 Stab: Sleeping          |       |       |       |     2 |       ||     2
       Confused          |       |       |       |     5 |       ||     5
       Distracted        |       |       |       |     1 |       ||     1
Armor: Scale mail        |    85 |    90 |       |       |       ||   175
       Robe              |     5 |       |       |       |       ||     5
       Ring mail         |       |    51 |   217 |       |       ||   268
       Leather armour    |       |       |     3 |   261 |    19 ||   283
Dodge: Dodged            |   102 |   103 |   249 |   574 |    49 ||  1077
Block: Shield            |       |   100 |       |       |       ||   100
       Rpst.: Great sword |       |     1 |    76 |       |       ||    77

Table legend:
 A = Non-vault XP
 B = Vault XP
 C = Vault XP percentage of total XP
 D = Non-vault monster count
 E = Vault monster count
 F = Vault count percentage of total count
                 A         B        C        D         E       F
            +---------+---------+-------+---------+---------+-------
      Total |   25344 |   21630 |  46.0 |     331 |     127 |  27.7
            +---------+---------+-------+---------+---------+-------
        D:1 |      65 |       4 |   5.8 |      27 |       2 |   6.9
        D:2 |      32 |     301 |  90.4 |      11 |      18 |  62.1
        D:3 |      71 |       0 |   0.0 |      17 |       0 |   0.0
        D:4 |     224 |      36 |  13.8 |      13 |       1 |   7.1
        D:5 |    1294 |     140 |   9.8 |      31 |       2 |   6.1
        D:6 |     830 |       0 |   0.0 |      20 |       0 |   0.0
        D:7 |     802 |    2030 |  71.7 |      23 |      11 |  32.4
        D:8 |     506 |    3844 |  88.4 |       6 |       9 |  60.0
        D:9 |    2356 |     277 |  10.5 |      36 |       3 |   7.7
       D:10 |    2548 |    1981 |  43.7 |      33 |      11 |  25.0
       D:11 |    9075 |    5179 |  36.3 |      38 |      18 |  32.1
       D:12 |     725 |    1059 |  59.4 |      15 |       3 |  16.7
      Orc:1 |    5560 |     808 |  12.7 |      32 |       1 |   3.0
      Orc:2 |    1256 |    5971 |  82.6 |      29 |      48 |  62.3
            +---------+---------+-------+---------+---------+-------
